 Dungeon Crawl Stone Soup version 0.32-a0-961-gd60f5e5fc7 (webtiles) character file.

Game seed: 13929884949270255614

387 olmar the Cudgeller (level 6, -23/52 HPs)
             Began as a Mountain Dwarf Fighter on Apr 17, 2024.
             Was an Initiate of Gozag.
             Annihilated by a gnoll
             ... wielding a +0 flail
             ... led by a gnoll sergeant
              (24 damage)
             ... on level 4 of the Dungeon.
             The game lasted 00:03:30 (3457 turns).

olmar the Cudgeller (Mountain Dwarf Fighter)        Turns: 3457, Time: 00:03:30

Health: -23/52     AC:  7    Str: 20    XL:     6   Next: 49%
Magic:  6/6        EV:  2    Int:  9    God:    Gozag
Gold:   222        SH:  0    Dex:  9    Spells: 5/5 levels left

rFire   . . .        a - +0 flail
rCold   . . .        c - +0 buckler
rNeg    . . .        b - +0 scale mail
rPois   .            (no helmet)
rElec   .            (no cloak)
rCorr   .            (no gloves)
SInv    .            (no boots)
Will    .....        (no amulet) Stlth
                     (no ring)
HPRegen 0.28/turn    (no ring)
MPRegen 0.10/turn

%: no passive effects
@: sleeping
A: runic magic, artefact enchanting
a: Renounce Religion, Potion Petition, Call Merchant, Bribe Branch


You were on level 4 of the Dungeon.
You worshipped Gozag.
Gozag was aware of your devotion.
You visited 2 branches of the dungeon, and saw 6 of its levels.

You collected 282 gold pieces.
You paid 60 gold pieces to Gozag.

Inventory:

Hand Weapons
 a - a +0 flail (weapon)
Missiles
 i - 3 poisoned darts
 j - 3 curare-tipped darts (quivered)
Armour
 b - a +0 scale mail (worn)
 c - a +0 buckler (worn)
Scrolls
 d - 2 scrolls of revelation
 e - 3 scrolls of immolation {unknown}
 g - 2 scrolls of torment
 k - 2 scrolls of poison
 m - a scroll of brand weapon {unknown}
 o - a scroll of enchant weapon {unknown}
Potions
 f - a potion of curing {unknown}
 h - a potion of attraction
 l - a potion of might


   Skills:
 + Level 4.2 Fighting
 + Level 5.6 Maces & Flails
 + Level 4.9 Armour
 + Level 1.1 Dodging
 + Level 0.1 Stealth
 + Level 4.0 Shields


You had 5 spell levels left.
You didn't know any spells.
Your spell library contained the following spells:

 Spells                   Type           Power      Damage    Failure   Level
 Kiss of Death            Conj/Necr      0%         2d5       54%         1
 Ensorcelled Hibernation  Hex/Ice        0%         N/A       67%         2
 Confusing Touch          Hex            0%         N/A       88%         3
 Passwall                 Erth           0%         N/A       88%         3
 Swiftness                Air            0%         N/A       88%         3
 Dispel Undead            Necr           0%         3d6       99%         4


Dungeon Overview and Level Annotations

Branches:
Dungeon (5/15)             Temple (1/1) D:4

Altars:
Gozag
Hepliaklqana
Makhleb
Okawaru
Qazlal
Ru
Sif Muna
Trog
Uskayaw
Vehumet
Wu Jian
Xom
Yredelemnul
Zin

Shops:
D:4 *

Annotations:
D:4 1 runed translucent door, nononono's ghost, amateur DsCK


Innate Abilities, Weirdness & Mutations

Your spellcasting is much less encumbered by armour.
You can use scrolls of enchantment on lesser artefacts.


Message History

The gnoll sergeant completely misses you.
The gnoll hits you but does no damage.
Unknown command.
You struggle against the net.
The gnoll sergeant hits you from afar with a +0 spear!
The gnoll completely misses you.
The gnoll hits you from afar with a +0 halberd!
Unknown command.
You struggle against the net.
The white imp grins evilly.
The gnoll sergeant hits you from afar with a +0 spear.
The gnoll hits you but does no damage.
The gnoll hits you from afar with a +0 halberd!
* * * LOW HITPOINT WARNING * * *
Unknown command.
You rip the net and break free!
The sleepcap releases spores at you but does no damage.
The gnoll sergeant barely misses you. The gnoll hits you but does no damage.
The gnoll barely misses you. The gnoll closely misses you.
The gnoll completely misses you.
Unknown command.
Unknown command.
The sleepcap barely misses you. The gnoll barely misses you.
You block the gnoll sergeant's attack. The gnoll hits you with a +0 flail.
* * * LOW HITPOINT WARNING * * *
The gnoll hits you from afar with a +0 halberd.
* * * LOW HITPOINT WARNING * * *
You climb upwards.
Level annotation: 1 runed translucent door, nononono's ghost, amateur DsCK
There is a stone staircase leading down here.
Unknown command.
Okay, then.
Okay, then.
The gnoll closely misses you. The sleepcap releases spores at you.
* * * LOW HITPOINT WARNING * * *
You are engulfed in a cloud of soporific spores!
You fall asleep.
The gnoll hits you with a +0 flail!!
You die...
Your body crumbles into a pile of gold.

##...######.###.###.# #..#...
##.## #.........# #.##... #.#
#####)##### #.##... #.# #...#
#.##### ##'## #.### #.# ##...##
#.# #.# ##.....## #.# #.###
##.......## ##.## #.#.###
#.........####.g@##########......
+(........'.[..fgg..............≈
#.........####...##########....~~
##.......## ##.## ##.....
##.....## #<# #.##~≈ ##..>## #>#
#.###≈ ##'## ##.# #..... #.# #..#
#..... #####.## #.## #.###!


You could see a sleepcap and 3 gnolls.

Vanquished Creatures
  Sigmund (D:2)
  A black bear (D:4)
  A howler monkey (D:4)
  Terence (D:2)
  2 adders
  3 ribbon worms
  A dart slug (D:4)
  7 endoplasms
  A giant cockroach (D:1)
  6 goblins
  5 hobgoblins
  4 quokkas
  4 ball pythons
  5 bats
  3 frilled lizards
  5 kobolds
  9 rats
59 creatures vanquished.

Vanquished Creatures (others)
  A goblin (D:4)
1 creature vanquished.

Grand Total: 60 creatures vanquished

Notes
Turn   | Place    | Note
-------+----------+-------------------------------------------
     0 | D:1      | olmar the Mountain Dwarf Fighter began the quest for the
                  | Orb.
     0 | D:1      | Reached XP level 1. HP: 19/19 MP: 1/1
   282 | D:1      | You fall into a shaft and drop 1 floor!
   371 | D:1      | Reached XP level 2. HP: 22/26 MP: 2/2
   862 | D:2      | Reached skill level 3 in Maces & Flails
   991 | D:2      | Reached XP level 3. HP: 33/33 MP: 3/3
   999 | D:2      | Noticed Terence
  1005 | D:2      | Killed Terence
  1044 | D:2      | Noticed Sigmund
  1059 | D:2      | Killed Sigmund
  1060 | D:2      | Reached skill level 5 in Maces & Flails
  1060 | D:2      | Reached skill level 1 in Dodging
  1060 | D:2      | Reached XP level 4. HP: 6/40 MP: 4/4
  1060 | D:2      | Reached XP level 5. HP: 7/46 MP: 5/5
  2297 | D:4      | Found Onuuheim's General Store.
  2402 | D:4      | Found a staircase to the Ecumenical Temple.
  2412 | Temple   | Entered the Ecumenical Temple
  2438 | Temple   | Became a worshipper of Gozag Ym Sagoz the Greedy
  2910 | D:4      | Found a runed translucent door.
  2911 | D:4      | Noticed nononono's ghost (amateur DsCK)
  3243 | D:4      | Noticed a black bear
  3246 | D:4      | Reached XP level 6. HP: 43/52 MP: 6/6
  3448 | D:5      | Entered Level 5 of the Dungeon
  3457 | D:4      | HP: 1/52 [sleepcap (6)]
  3457 | D:4      | Annihilated by a gnoll

Illustrated notes

Levels and vault maps discovered:
D:1:      minmay_arrival_glassed_features, layout_loops_cross
D:2:      layout_loops_ring, roderic_serpentine_path, grunt_ministairs_15,
          uniq_terence, uniq_sigmund
D:3:      layout_loops_cross
D:4:      black_bear_nest_2, layout_loops_corners,
          minmay_temple_entry_purple_smoke, ebering_ghost_reflecting_pool,
          serial_shops, nicolae_shop_waterfront
D:5:      minmay_recursive_quarters, layout_basic, minitemple,
          nicolae_shop_vocational
Temple:   minmay_temple_curvy_branch

Skill      XL: |  1  2  3  4  5  6 |
---------------+-------------------+-----
Maces & Flails | 3 5 |  5.6
Fighting       | 4 |  4.2
Armour         | 4 |  4.9
Dodging        | 1 |  1.1
Shields        | 4 |  4.0
Stealth        | |  0.1

Action                     |  1- 3 |  4- 6 || total
---------------------------+-------+-------++-------
  Melee: Flail             |    96 |    88 ||   184
  Throw: Dart              |       |     3 ||     3
    Use: Scroll            |     2 |     3 ||     5
         Potion            |     2 |       ||     2
 Armour: Scale mail        |    76 |    84 ||   160
  Dodge: Dodged            |    44 |    45 ||    89
  Block: Buckler           |    22 |    13 ||    35

Table legend: (Time is in decaauts)
 A = Elapsed time spent in this place.
 B = Non-inter-level travel time spent in this place.
 C = Inter-level travel time spent in this place.
 D = Time resting spent in this place.
 E = Time spent auto-exploring this place.
 F = Levels seen in this place.
 G = Mean time per level.
                   A        B        C        D        E       F      G
               +--------+--------+--------+--------+--------+-----+--------+
         Total |   3503 |   3270 |    233 |    136 |   2575 |   6 |  583.8 |
       Dungeon |   3451 |   3238 |    213 |    136 |   2575 |   5 |  690.2 |
        Temple |     51 |     31 |     20 |      0 |      0 |   1 |   51.0 |
               +--------+--------+--------+--------+--------+-----+--------+

Top non-repeatable levels by time:
     D:4: 1111 daAuts
     D:2: 945 daAuts
     D:1: 728 daAuts
     D:3: 658 daAuts
  Temple: 51 daAuts
     D:5: 7 daAuts
